 Dungeon Crawl Stone Soup version 0.30-a0-364-gf6b3ef1049 (webtiles) character file.

Game seed: 1535242378072203473

420 Kinoniko the Cleaver (level 6, -1/76 HPs)
             Began as a Minotaur Berserker on Nov 15, 2022.
             Was a Believer of Trog.
             Slain by an ice beast (10 damage)
             ... on level 5 of the Dungeon.
             The game lasted 00:02:32 (3134 turns).

Kinoniko the Cleaver (Minotaur Berserker)           Turns: 3134, Time: 00:02:33

Health: -1/76      AC:  9    Str: 30    XL:     6   Next: 62%
Magic:  5/5        EV:  9    Int:  4    God:    Trog [**....]
Gold:   253        SH:  0    Dex:  9    Spells: 5/5 levels left

rFire   . . .      SeeInvis .    c - +0 war axe
rCold   . . .      Faith    .    (no shield)
rNeg    . . .      Spirit   .    q - +0 chain mail
rPois   .          Reflect  .    (helmet restricted)
rElec   .          Harm     .    (no cloak)
rCorr   .          Rampage  .    (no gloves)
Will    .....                    t - +0 pair of boots
Stlth   ..........               w - amulet of regeneration
HPRegen 1.12/turn                a - +6 ring of strength
MPRegen 0.09/turn                (no ring)

@: berserking, lethally poisoned (-1 -> -2), very quick
A: horns 2, retaliatory headbutt
a: Renounce Religion, Berserk, Trog's Hand


You were on level 5 of the Dungeon.
You worshipped Trog.
Trog was pleased with you.
You visited 1 branch of the dungeon, and saw 5 of its levels.

You collected 253 gold pieces.

Inventory:

Hand Weapons
 c - a +0 war axe (weapon)
Armour
 b - a +0 animal skin
 j - a +0 scale mail
 q - a +0 chain mail (worn)
 t - a +0 pair of boots (worn)
Jewellery
 a - a +6 ring of strength (left hand)
 w - an amulet of regeneration (around neck)
Wands
 o - a wand of roots (13)
Scrolls
 d - a scroll of butterflies {unknown}
 e - 2 scrolls of poison {unknown}
 g - 2 scrolls of teleportation {unknown}
 l - 4 scrolls of identify {unknown}
 m - a scroll of acquirement {unknown}
 n - 4 scrolls of magic mapping {unknown}
 s - a scroll of fear {unknown}
 x - a scroll of noise {unknown}
Potions
 f - a potion of attraction {unknown}
 h - 2 potions of curing {unknown}
 i - 3 potions of ambrosia {unknown}
 k - a potion of degeneration {unknown}
 p - a potion of berserk rage {unknown}
 r - a potion of might {unknown}
 u - a potion of lignification {unknown}
 v - a potion of haste {unknown}


   Skills:
 - Level 3.6 Fighting
 * Level 9.1 Axes
 - Level 2.4 Armour
 - Level 2.1 Dodging


You had 5 spell levels left.
You didn't know any spells.
Your spell library was empty.

Dungeon Overview and Level Annotations

Branches:
Dungeon (5/15)             Temple (0/1) D:4

Altars:
Gozag
Trog


Innate Abilities, Weirdness & Mutations

You have a pair of horns on your head.
You reflexively headbutt those who attack you in melee.


Message History

The ice beast hits you but does no damage.
The black bear misses you. The black bear barely misses you.
The black bear claws you but does no damage.
You closely miss the ice beast.
The ice beast is heavily wounded.
You slash the black bear! You hit the ogre. You barely miss the ogre.
You closely miss the scorpion.
You feel sick.
The ogre hits you with a +0 giant spiked club!
The ogre hits you with a +0 giant spiked club!!
* * * LOW HITPOINT WARNING * * *
The scorpion stings you but does no damage.
The black bear closely misses you. You furiously retaliate!
You headbutt the black bear!!
You kill the black bear!
Trog accepts your kill.
The ice beast hits you but does no damage.
Your Axes skill increases to level 9!
You are too injured to fight recklessly!
Unknown command.
You are too injured to fight recklessly!
Unknown command.
You are too injured to fight recklessly!
You are too injured to fight recklessly!
Unknown command.
You barely miss the ice beast. You headbutt the ice beast!
The ice beast is almost dead.
You hit the scorpion. You slash the ogre! You hit the ogre.
You feel sick.
The scorpion stings you but does no damage.
You hit the ice beast but do no damage.
The ice beast is almost dead.
You barely miss the ogre. You slash the scorpion!
You kill the scorpion!
Trog accepts your kill.
You slash the ogre!
You kill the ogre!
Trog accepts your kill.
You feel sick. The ice beast hits you.
* * * LOW HITPOINT WARNING * * *
The ice beast freezes you!
You die...

#.........##....######
#.........#....##
#.............##
#............##
..#####..........#.#
.....<.........######
#######........##....##
...#####......##.O....##
#..#........##.@Y$$...#
#.#.#####.#.'†)s..$..#
##...# #...'..$..$..#
#...## #####...$$...+
#....# ########......##
#.##.# #......##....##
#. #.###.......###### #
#..##.......###.#
##.##..>........#


You could see an ice beast, an ogre and a scorpion.

Vanquished Creatures
  An ogre (D:5)
  A black bear (D:5)
  2 scorpions (D:5)
  An orc priest (D:4)
  Jessica (D:3)
  Terence (D:3)
  An iguana (D:4)
  6 adders
  4 gnolls (D:2)
  An ufetubus (D:4)
  A dart slug (D:1)
  4 orcs (D:4)
  5 endoplasms
  4 giant cockroaches
  8 goblins
  7 hobgoblins
  5 jackals
  2 quokkas
  6 ball pythons
  2 bats
  2 frilled lizards
  5 kobolds
  5 rats
75 creatures vanquished.

Vanquished Creatures (others)
  3 plants
  A withered plant (D:2)
4 creatures vanquished.

Grand Total: 79 creatures vanquished

Notes
Turn   | Place    | Note
-------+----------+-------------------------------------------
     0 | D:1      | Kinoniko the Minotaur Berserker began the quest for the
                  | Orb.
     0 | D:1      | Reached XP level 1. HP: 19/19 MP: 0/0
   326 | D:1      | Reached skill level 4 in Axes
   376 | D:1      | Reached XP level 2. HP: 26/26 MP: 1/1
   761 | D:2      | Reached skill level 5 in Axes
   761 | D:2      | Reached XP level 3. HP: 31/31 MP: 2/2
   827 | D:2      | Found a bloodstained altar of Trog.
   947 | D:2      | Reached skill level 6 in Axes
   947 | D:2      | Reached XP level 4. HP: 39/39 MP: 3/3
  1102 | D:2      | Found a faded altar of an unknown god.
  1569 | D:3      | Noticed Jessica
  1577 | D:3      | Killed Jessica
  1732 | D:3      | Noticed Terence
  1740 | D:3      | Killed Terence
  1740 | D:3      | Reached ** piety under Trog
  1741 | D:3      | Reached skill level 7 in Axes
  1741 | D:3      | Reached XP level 5. HP: 45/45 MP: 4/4
  2374 | D:3      | Found an opulent altar of Gozag.
  2558 | D:4      | Reached skill level 8 in Axes
  2766 | D:4      | Found a staircase to the Ecumenical Temple.
  2941 | D:5      | Entered Level 5 of the Dungeon
  2946 | D:5      | Reached XP level 6. HP: 51/51 MP: 5/5
  3125 | D:5      | Noticed an ice beast
  3133 | D:5      | Reached skill level 9 in Axes
  3134 | D:5      | Slain by an ice beast

Illustrated notes

Levels and vault maps discovered:
D:1:      ebering_trefoil_3fold, layout_basic
D:2:      layout_loops_ring, shapermc_ecumenical_altar_flowoftime, basic_altar
D:3:      layout_basic, old_standard_altar, serial_forest,
          infiniplex_forest_clump_medium, infiniplex_forest_clump_tiny,
          infiniplex_forest_corner_1, infiniplex_forest_end_1,
          infiniplex_forest_lined_corner, infiniplex_forest_lined_corner,
          infiniplex_forest_lined_4_way, uniq_jessica, uniq_terence
D:4:      layout_cave_pools, minmay_temple_entry_gardened_gates
D:5:      minmay_polygon_palace, layout_rooms,
          mainiacjoe_overflow_six_doors_small, mainiacjoe_overflow_tiny_flanked,
          gammafunk_ghost_grave, uniq_duvessa

Skill      XL: |  1  2  3  4  5  6 |
---------------+-------------------+-----
Axes           | 4 5 6 7 8 9 |  9.1
Fighting       | |  3.6
Armour         | |  2.4
Dodging        | |  2.1

Action                   |  1- 3 |  4- 6 || total
-------------------------+-------+-------++-------
Melee: War axe           |    34 |    90 ||   124
       Headbutt          |     6 |    11 ||    17
       Hand axe          |     1 |       ||     1
Invok: Berserk           |     1 |     3 ||     4
Armor: Scale mail        |     6 |    12 ||    18
       Chain mail        |       |    23 ||    23
Dodge: Dodged            |    23 |    48 ||    71

Table legend: (Time is in decaauts)
 A = Elapsed time spent in this place.
 B = Non-inter-level travel time spent in this place.
 C = Inter-level travel time spent in this place.
 D = Time resting spent in this place.
 E = Time spent auto-exploring this place.
 F = Levels seen in this place.
 G = Mean time per level.
                   A        B        C        D        E       F      G
               +--------+--------+--------+--------+--------+-----+--------+
         Total |   3178 |   3045 |    133 |    107 |   2502 |   5 |  635.6 |
       Dungeon |   3178 |   3045 |    133 |    107 |   2502 |   5 |  635.6 |
               +--------+--------+--------+--------+--------+-----+--------+

Top non-repeatable levels by time:
     D:3: 944 daAuts
     D:2: 797 daAuts
     D:1: 756 daAuts
     D:4: 487 daAuts
     D:5: 192 daAuts
